Map: Lerilak Crest

Players

LilDicky - Winner!

  • Race: Terran Terran
  • League: Diamond

ApBuLLet

  • Race: Zerg Zerg
  • League: Diamond

VOD

http://www.twitch.tv/tumescentpie

Description

Time

  • Played on: Dec. 30, 2015, 10:51 p.m.
  • Length: 14:18
Show
View Real Time Build Order
Export as new Build Order

LilDicky Terran - Winner!

Build Orders: Mech 

Get SALT Encoding   

  12  0:01  SCV  
  13  0:14  SCV  
  14  0:17  Supply Depot  
  14  0:26  SCV  
  15  0:39  SCV  
  16  0:51  SCV  
  16  0:53  Barracks  
  17  1:03  SCV  
  18  1:15  SCV  
  19  1:28  SCV  
  19  1:29  Supply Depot  
  20  1:41  SCV  
  20  1:42  Marine  
  22  1:47  Command Center  
  22  1:53  Orbital Command  
  22  2:09  Command Center  
  22  2:11  Marine  
  23  2:20  SCV  
  24  2:27  Refinery  
  24  2:29  Marine  
  25  2:30  Refinery  
  25  2:32  SCV  
  26  2:44  SCV  
  26  2:49  Marine  
  28  2:57  SCV  
  29  3:01  Orbital Command  
  29  3:05  Refinery  
  29  3:07  Marine  
  29  3:09  SCV  
  31  3:21  SCV  
  31  3:25  Marine  
  33  3:33  SCV, Refinery, Orbital Command  
  34  3:34  SCV  
  34  3:35  Factory  
  35  3:42  Marine  
  35  3:45  SCV  
  35  3:46  SCV  
  38  3:57  SCV  
  38  3:58  SCV  
  38  4:00  SCV, Marine  
  42  4:03  Factory  
  42  4:09  SCV  
  43  4:10  SCV  
  43  4:12  SCV  
  45  4:20  Factory Tech Lab  
  45  4:21  SCV  
  45  4:23  SCV  
  47  4:24  Armory, SCV  
  48  4:33  SCV, Starport  
  48  4:37  Barracks Reactor  
  49  4:42  Supply Depot  
  48  5:01  SCV x2  
  50  5:07  Supply Depot, Siege Tank, Factory Reactor  
  50  5:08  Supply Depot  
  50  5:10  SCV, Liberator x2  
  50  5:13  SCV  
  54  5:18  SCV, Armory, Terran Vehicle Weapons Level 1  
  55  5:22  SCV  
  63  5:28  SCV  
  63  5:33  Orbital Command  
  63  5:34  SCV  
  63  5:35  Factory  
  65  5:39  Siege Tank  
  65  5:40  SCV  
  68  5:53  Liberator x2  
  68  5:55  Supply Depot x2  
  68  5:58  SCV  
  68  5:59  SCV  
  68  6:01  Hellion x2  
  83  6:11  Siege Tank  
  83  6:18  Refinery  
  83  6:19  SCV x2  
  83  6:22  Refinery, Factory Reactor  
  83  6:25  SCV, Hellion x2  
  89  6:31  Terran Vehicle And Ship Armor Level 1  
  89  6:32  SCV x2  
  92  6:36  Liberator  
  92  6:38  SCV  
  93  6:42  Marine  
  93  6:44  SCV  
  95  6:50  SCV x2  
  95  6:53  Command Center  
  100  7:00  Marine  
  101  7:09  Supply Depot, Siege Tank  
  101  7:10  Hellion x2, Engineering Bay  
  101  7:11  Supply Depot  
  101  7:15  Liberator  
  108  7:17  Terran Vehicle Weapons Level 2  
  108  7:28  SCV  
  109  7:31  SCV x2, Hellion x2  
  118  7:41  SCV  
  118  7:43  SCV  
  120  7:49  Liberator  
  118  7:58  Liberator  
  85  8:08  Hellion x5  
  85  8:10  Planetary Fortress  
  85  8:11  Missile Turret  
  91  8:27  Factory  
  91  8:29  Hellion x4  
  91  8:30  Hellion  
  91  8:31  SCV x3  
  91  8:32  Factory  
  104  8:34  Liberator  
  104  8:35  Factory  
  100  8:50  Hellion  
  100  8:51  Siege Tank  
  100  8:54  Hellion x2  
  112  9:00  Infernal Pre-Igniter  
  112  9:01  Terran Vehicle And Ship Armor Level 2  
  112  9:03  SCV x2  
  114  9:10  Liberator  
  114  9:20  Missile Turret x2  
  114  9:21  Missile Turret  
  114  9:22  Factory Tech Lab x3  
  114  9:23  Thor, Refinery, Missile Turret  
  120  9:24  Refinery, Missile Turret  
  120  9:26  Missile Turret  
  120  9:30  Missile Turret  
  123  9:38  Hellion x4  
  127  9:50  SCV  
  127  9:51  SCV  
  129  9:59  Thor, Hellion  
  137  10:05  Thor x3  
  155  10:07  Supply Depot  
  155  10:08  Supply Depot  
  155  10:09  Supply Depot  
  155  10:10  Supply Depot  
  155  10:11  Missile Turret x2  
  155  10:12  Missile Turret  
  155  10:15  Terran Vehicle Weapons Level 3  
  155  10:17  Hi-Sec Auto Tracking  
  155  10:23  Missile Turret  
  155  10:24  Missile Turret x4  
  155  10:27  Supply Depot, Missile Turret  
  155  10:29  Supply Depot  
  155  10:30  Liberator x2  
  155  10:31  Supply Depot  
  155  10:33  Supply Depot  
  155  10:49  Thor  
  167  10:51  Hellion  
  169  10:59  Missile Turret  
  169  11:00  Missile Turret  
  157  11:18  SCV x3  
  153  11:25  Command Center  
  153  11:30  SCV x3  
  156  11:38  Marine  
  157  11:42  SCV x3  
  156  11:56  Marine  
  131  12:14  Marine  
  115  12:28  Fusion Core  
  115  12:29  Thor x2  
  121  12:30  Thor  
  121  12:31  SCV x2, Hellion x5  
  145  12:44  Missile Turret x2  
  145  12:47  Missile Turret x2  
  115  13:45  Hellion x5  
  139  13:49  Marine  
  140  13:56  Command Center  
  140  14:00  Missile Turret  
  140  14:03  Missile Turret  
Show
View Real Time Build Order
Export as new Build Order

ApBuLLet Zerg 

Build Orders: Hatch First, Muta Ling Bane 

Get SALT Encoding   

  12  0:01  Drone  
  13  0:13  Overlord  
  13  0:19  Drone  
  14  0:31  Drone  
  14  0:32  Drone  
  17  0:35  Drone  
  17  0:46  Drone  
  18  1:00  Hatchery, Drone  
  18  1:07  Drone, Extractor  
  18  1:21  Spawning Pool  
  18  1:23  Drone  
  18  1:30  Drone  
  19  1:40  Overlord  
  19  1:50  Drone  
  20  2:02  Drone  
  20  2:12  Queen  
  20  2:13  Queen  
  24  2:15  Metabolic Boost  
  24  2:19  Drone x2  
  26  2:24  Zergling x2  
  26  2:25  Zergling x2  
  28  2:34  Baneling Nest  
  28  2:35  Drone x2  
  29  2:48  Queen  
  31  2:53  Overlord  
  31  2:54  Drone  
  32  3:00  Drone  
  32  3:01  Drone  
  34  3:07  Drone x2  
  34  3:31  Queen  
  34  3:32  Overlord  
  34  3:33  Drone  
  37  3:36  Zergling x4  
  39  3:41  Hatchery  
  39  3:43  Zergling x2  
  39  3:44  Drone x2  
  39  3:45  Drone  
  39  3:47  Drone  
  43  4:14  Drone  
  43  4:15  Overlord x2  
  44  4:33  Queen  
  46  4:39  Drone x2  
  46  4:40  Drone x5  
  53  4:49  Overlord x2  
  53  4:50  Zergling x6  
  53  4:52  Zergling x2  
  56  4:55  Spore Crawler  
  56  4:57  Spore Crawler  
  56  4:59  Lair  
  54  5:03  Extractor x2  
  54  5:05  Roach Warren  
  51  5:10  Drone x2  
  51  5:11  Drone x3  
  51  5:13  Drone x3  
  59  5:29  Extractor  
  58  5:39  Zergling x2  
  58  5:40  Zergling x6  
  58  5:41  Zergling x10  
  67  5:44  Drone  
  67  5:45  Drone x2  
  70  5:53  Drone  
  70  5:54  Drone  
  72  6:03  Spire  
  71  6:04  Drone x2  
  71  6:05  Drone  
  71  6:06  Spore Crawler  
  71  6:10  Hatchery  
  72  6:30  Baneling x4  
  72  6:31  Baneling  
  72  6:32  Zergling x12  
  78  6:33  Overlord x3  
  78  6:34  Overlord  
  78  6:37  Drone  
  78  6:38  Drone x3  
  82  6:41  Centrifical Hooks  
  82  6:47  Evolution Chamber x2  
  80  6:56  Baneling  
  80  6:57  Baneling x3  
  80  7:01  Pneumatized Carapace  
  79  7:03  Burrow  
  79  7:04  Drone x4  
  79  7:06  Extractor  
  82  7:09  Extractor  
  82  7:10  Spore Crawler  
  82  7:14  Spore Crawler  
  79  7:25  Mutalisk x7  
  93  7:35  Zergling x2  
  93  7:36  Zergling x6  
  97  7:37  Zergling x2  
  97  7:38  Zergling x14  
  91  8:03  Mutalisk  
  91  8:04  Mutalisk x5  
  84  8:11  Zergling x2  
  84  8:12  Zergling x4  
  83  8:17  Drone x6  
  83  8:18  Drone  
  86  8:48  Hatchery, Zerg Melee Weapons Level 1  
  82  8:49  Zerg Ground Armor Level 1  
  82  8:53  Infestation Pit  
  79  8:56  Mutalisk x2  
  79  8:57  Mutalisk x3  
  79  9:02  Zergling x14  
  93  9:03  Zergling x2  
  94  9:27  Zergling x2  
  94  9:28  Zergling x18  
  94  9:30  Zergling x16  
  112  9:32  Zergling x4  
  112  9:33  Zergling x2  
  115  9:45  Overlord  
  115  9:46  Overlord  
  115  9:47  Overlord x2  
  115  9:56  Hive  
  115  9:59  Queen  
  115  10:03  Overlord x3  
  115  10:05  Zergling x2  
  118  10:08  Baneling  
  118  10:09  Baneling x6  
  118  10:18  Drone x2  
  120  10:30  Baneling  
  120  10:31  Baneling x10  
  120  10:41  Glial Reconstitution  
  122  10:42  Roach  
  122  10:43  Roach x5  
  122  10:45  Roach  
  122  10:46  Roach  
  130  11:13  Roach  
  130  11:14  Roach x11  
  130  11:16  Roach x3  
  148  11:24  Zerg Missile Weapons Level 1, Zerg Ground Armor Level 2  
  144  11:29  Greater Spire  
  144  11:35  Ravager x2  
  144  11:36  Ravager x6  
  152  11:48  Ravager  
  152  11:49  Ravager x5  
  119  12:11  Roach x5  
  119  12:12  Roach x7  
  119  12:14  Zergling x2  
  119  12:15  Zergling x10  
  105  12:16  Zergling x2  
  105  12:17  Zergling x14  
  107  12:31  Roach x5  
  107  12:35  Ravager x4  
  110  12:55  Ravager x2  
  110  12:56  Ravager x2  
  110  12:58  Drone x2  
  91  12:59  Drone x4  
  91  13:04  Extractor  
  81  13:22  Roach  
  81  13:23  Roach x2  
  81  13:27  Roach x10  
  86  13:28  Roach  
  80  13:48  Roach x5  
  48  13:56  Roach x5  
  48  14:02  Drone  
  50  14:03  Drone x2  
Tags
 
Add a new tag
Caveats
  • Supply blocks, unpowered buildings, or Contaminate may cause inaccurate times.
  • Supply counts are checked every 10 seconds.